 Dungeon Crawl Stone Soup version 0.25-a0-474-ga8a2ee3166 (webtiles) character file.

Game seed: 14143145754707033379, levelgen mode: deterministic

34 kae the Sneak (level 3, 0/20 HPs)
             Began as a Kobold Enchanter on Feb 7, 2020.
             Slain by an adder (1 damage)
             ... on level 2 of the Dungeon.
             The game lasted 00:01:37 (990 turns).

kae the Sneak (Kobold Enchanter)                     Turns: 990, Time: 00:01:38

Health: 0/20       AC:  2    Str:  5    XL:     3   Next: 50%
Magic:  1/6        EV: 15    Int: 16    God:
Gold:   18         SH:  0    Dex: 16    Spells: 0/6 levels left

rFire    . . .     SeeInvis .   a - +1 dagger
rCold    . . .     Gourm    .   (shield restricted)
rNeg     . . .     Faith    .   b - +0 robe
rPois    .         Spirit   .   (no helmet)
rElec    .         Reflect  .   (no cloak)
rCorr    .         Harm     .   (no gloves)
MR       .....                  (no boots)
Stlth    +++.......             (no amulet)
HPRegen  0.06/turn              (no ring)
MPRegen  0.10/turn              (no ring)

@: lethally poisoned (0 -> -3), very slightly contaminated
A: small, carnivore
a: no special abilities


You were on level 2 of the Dungeon.
You were not hungry.

You visited 1 branch of the dungeon, and saw 2 of its levels.

You collected 18 gold pieces.

Inventory:

Hand Weapons
 a - a +1 dagger (weapon)
Armour
 b - a +0 robe (worn)
Scrolls
 e - 2 scrolls of remove curse {unknown}
 f - 2 scrolls of enchant armour {unknown}
 h - a scroll of teleportation {unknown}
 i - 2 scrolls of magic mapping {unknown}
 j - a scroll of random uselessness {unknown}
Potions
 g - a potion of heal wounds {unknown}
Comestibles
 d - 5 rations


   Skills:
 + Level 0.8 Fighting
 * Level 2.6 Short Blades
 + Level 2.7 Dodging
 + Level 4.4 Stealth
 + Level 2.3 Spellcasting
 + Level 3.1 Hexes


You couldn't memorise any spells.
You knew the following spells:

 Your Spells              Type           Power        Failure   Level  Hunger
a - Corona                Hex            ##.....      5%          1    #......
b - Ensorcelled Hibernat  Hex/Ice        #.....       16%         2    ###....
c - Confusing Touch       Hex            ##......     16%         3    ###....

Your spell library contained the following spells:

 Spells                   Type           Power        Failure   Level  Hunger
 Tukima's Dance           Hex            ##......     16%         3    ###....
 Dazzling Flash           Conj/Hex       #.....       30%         3    ###....


Dungeon Overview and Level Annotations

Branches:
Dungeon (2/15)

Altars:

Annotations:
D:2 Sigmund


Innate Abilities, Weirdness & Mutations

You are small and have problems with some larger weapons.
You are carnivorous and can eat meat at any time.


Message History

You barely miss the adder.
The adder is severely wounded.
The adder barely misses you.
You barely miss the adder.
The adder is severely wounded.
The adder bites you.
* * * LOW HITPOINT WARNING * * *
You barely miss the adder.
The adder is severely wounded.
The adder closely misses you. The adder bites you.
* * * LOW HITPOINT WARNING * * *
You miss the adder.
The adder is heavily wounded.
The adder bites you.
* * * LOW HITPOINT WARNING * * *
You miss the adder.
The adder is heavily wounded.
* * * LOW HITPOINT WARNING * * *
You feel sick. The adder bites you.
You die...

#..# #.....#
##.#####.###.#
######.......###.#
.................#
#.#####..........#
#.# #.########.#
#.# #.# #.# #.# .#
#.# #.# .# #@# #.#
.# #S# #.# ###g##
#.# #..gK#
#....#..# #.#.#
.#... # #. ?##.#.#
#. .# ... # .# #.#


You could see an adder, a hobgoblin, a goblin and a kobold.

Vanquished Creatures
  A gnoll (D:1)
  3 bats
  5 giant cockroaches (D:1)
  4 goblins (D:1)
  A hobgoblin (D:1)
  4 kobolds (D:1)
  3 rats
21 creatures vanquished.

Notes
Turn   | Place    | Note
-------+----------+-------------------------------------------
     0 | D:1      | kae the Kobold Enchanter began the quest for the Orb.
     0 | D:1      | Reached XP level 1. HP: 10/10 MP: 3/3
   121 | D:1      | Reached XP level 2. HP: 7/16 MP: 1/5
   175 | D:1      | Learned a level 2 spell: Ensorcelled Hibernation
   501 | D:1      | Reached XP level 3. HP: 17/20 MP: 6/6
   827 | D:2      | Noticed Sigmund
   925 | D:2      | Learned a level 3 spell: Confusing Touch
   990 | D:2      | HP: 1/20 [poisoned by an adder]
   990 | D:2      | Slain by an adder

Levels and vault maps discovered:
D:1:      lightli_arrival_maybe_door_vault, layout_rooms
D:2:      layout_loops_ring, first_ration, st_stairs_8, lemuel_statue_altar,
          uniq_sigmund

Skill      XL: |  1  2 |
---------------+-------+-----
Short Blades   | 2 |  2.6
Fighting       | |  0.8
Dodging        | |  2.7
Stealth        | |  4.4
Spellcasting   | |  2.3
Hexes          | |  3.1

Action                   || total
-------------------------++-------
Melee: Dagger            ||   108
 Cast: Corona            ||    17
       Ensorcelled Hiber ||     1
  Use: Potion            ||     1
 Stab: Sleeping          ||     4
  Eat: Chunk             ||     1
Armor: Robe              ||    19
Dodge: Dodged            ||   102

Table legend:
 A = Non-vault XP
 B = Vault XP
 C = Vault XP percentage of total XP
 D = Non-vault monster count
 E = Vault monster count
 F = Vault count percentage of total count
                 A         B        C        D         E       F
            +---------+---------+-------+---------+---------+-------
      Total |      49 |       0 |   0.0 |      21 |       0 |   0.0
            +---------+---------+-------+---------+---------+-------
        D:1 |      47 |       0 |   0.0 |      19 |       0 |   0.0
        D:2 |       2 |       0 |   0.0 |       2 |       0 |   0.0
            +---------+---------+-------+---------+---------+-------
